 Dungeon Crawl Stone Soup version 0.29.1-12-g30fa7ad0bf (webtiles) character file.

Game seed: 9889496822139216866

59953 xzight the Brawler (level 14, 0/229 HPs)
             Began as a Troll Berserker on Dec 27, 2022.
             Was a High Priest of Trog.
             Slain by a 15-headed hydra (7 damage)
             ... on level 5 of the Lair of Beasts.
             The game lasted 00:35:37 (15887 turns).

xzight the Brawler (Troll Berserker)               Turns: 15887, Time: 00:35:38

Health: 0/229      AC: 10    Str: 32    XL:     14   Next: 55%
Magic:  13/13      EV: 17    Int:  3    God:    Trog [*****.]
Gold:   1426       SH: 14    Dex:  9    Spells: 13/13 levels left

rFire   + . .      SeeInvis .     - Unarmed
rCold   + . .      Faith    .   g - +0 kite shield
rNeg    . . .      Spirit   .   r - +2 robe {rC+ rF+}
rPois   .          Reflect  +   S - +2 hat
rElec   .          Harm     .   Q - +1 cloak {rCorr}
rCorr   +          Rampage  .   (gloves unavailable)
Will    +....                   (boots unavailable)
Stlth   ..........              v - amulet of reflection
HPRegen 1.28/turn               e - +4 ring of evasion
MPRegen 0.13/turn               E - +4 ring of evasion

@: berserking, very quick
A: large, unfitting armour, claws 3, regeneration 1, shaggy fur 1, tough skin 1
a: Renounce Religion, Berserk, Trog's Hand, Brothers in Arms


You were on level 5 of the Lair of Beasts.
You worshipped Trog.
Trog was extremely pleased with you.
You visited 2 branches of the dungeon, and saw 16 of its levels.
You also visited: Ice Cave.

You collected 1514 gold pieces.
You spent 88 gold pieces at shops.


Innate Abilities, Weirdness & Mutations

You are too large for most types of armour.
You have claws for hands.
Your natural rate of healing is unusually fast.
You are covered in fur. (AC +1)
You have tough skin. (AC +1)


   Skills:
 + Level 13.0 Fighting
 + Level 10.9 Throwing
 - Level 2.4 Dodging
 + Level 9.4 Shields
 - Level 15.0 Unarmed Combat


You had 13 spell levels left.
You didn't know any spells.
Your spell library was empty.

Inventory:

Missiles
 q - 7 large rocks (quivered) {=f}
 F - 4 javelins
Armour
 g - a +0 kite shield (worn)
 r - a +2 robe of resistance (worn)
 Q - a +1 cloak of preservation (worn)
 S - a +2 hat (worn)
Jewellery
 e - a +4 ring of evasion (left claw)
 v - an amulet of reflection (around neck)
 E - a +4 ring of evasion (right claw)
 K - an amulet of regeneration
 M - a ring of magical power
 N - a ring of positive energy
 P - a ring of poison resistance
Wands
 s - a wand of iceblast (16)
 w - a wand of digging (12)
 z - a wand of flame (32)
 A - a wand of paralysis (25)
 C - a wand of polymorph (25)
 R - a wand of mindburst (7)
 T - a wand of light (4)
Scrolls
 b - 4 scrolls of identify {@r1}
 c - a scroll of fog {unknown}
 d - 4 scrolls of teleportation {@r2}
 f - a scroll of enchant armour {unknown}
 h - 4 scrolls of magic mapping
 j - 2 scrolls of poison
 n - 3 scrolls of blinking
 o - 2 scrolls of vulnerability
 u - a scroll of enchant weapon
 D - 2 scrolls of fear
 H - a scroll of acquirement {unknown}
 J - 4 scrolls of brand weapon
 L - 4 scrolls of immolation
Potions
 a - 2 potions of might
 i - 8 potions of heal wounds {@q2}
 k - a potion of attraction
 l - 2 potions of invisibility
 m - 2 potions of resistance
 p - a potion of cancellation
 t - 6 potions of curing {@q1}
 x - 2 potions of mutation
 y - 7 potions of haste {@q3}
 B - 2 potions of flight
 G - 2 potions of ambrosia {unknown}
 U - a potion of berserk rage {!q}

Dungeon Overview and Level Annotations

Branches:
Dungeon (11/15)            Temple (0/1) D:7            Lair (5/5) D:11
  Swamp (0/4) Lair:3       Spider (0/4) Lair:3        Slime (0/5) Lair:4
  IceCv (visited)
    Orc: D:9-12

Altars:
Qazlal
Yredelemnul
Jiyva

Shops:
D:2 (   D:3 [   D:5 *=!   D:6 (

Annotations:
D:3 1 runed translucent door, Crazy Yiuf
D:5 2 transporters, Unglued128's ghost, amateur DrFE
D:6 2 runed translucent doors
D:11 1 runed translucent door
Lair:1 1 runed translucent door
Lair:4 exclusion: 2 oklob plants
Lair:5 exclusion: oklob plant

.....§.§D....... ..
....P................ ..
....P..........#....$ .#
................#..... #. .
.....................##...
................#...#.....
...........................
.....P.........D.#...#..P..
.......†........@#....##...
........<..................
...........................
.....)..................$..
..........................#
............÷.....P#......#
.................####.....#
.................#####.P...#
§............................


You could see a 15-headed hydra.


Message History

* * * LOW HITPOINT WARNING * * *
The 13-headed hydra completely misses you.
The 13-headed hydra bites you.
* * * LOW HITPOINT WARNING * * *
The 13-headed hydra bites you but does no damage.
You block the 13-headed hydra's attack. The 13-headed hydra bites you.
* * * LOW HITPOINT WARNING * * *
The 13-headed hydra misses you.
You block the 13-headed hydra's attack. x2
You claw one of the 13-headed hydra's heads off!
The 12-headed hydra grows two more!
You mangle the 14-headed hydra!!
The 14-headed hydra is moderately wounded.
You tear one of the 14-headed hydra's heads off!
The 13-headed hydra grows two more!
You mangle the 15-headed hydra!!
The 15-headed hydra is heavily wounded.
You block the 15-headed hydra's attack. The 15-headed hydra barely misses you.
The 15-headed hydra bites you!
* * * LOW HITPOINT WARNING * * *
The 15-headed hydra bites you!
* * * LOW HITPOINT WARNING * * *
The 15-headed hydra bites you but does no damage.
The 15-headed hydra closely misses you. x2
The 15-headed hydra completely misses you.
The 15-headed hydra bites you!
* * * LOW HITPOINT WARNING * * *
The 15-headed hydra bites you but does no damage. x2
The 15-headed hydra bites you!
* * * LOW HITPOINT WARNING * * *
The 15-headed hydra misses you. The 15-headed hydra closely misses you.
The 15-headed hydra bites you!
You die...

Skill      XL: |  1  2  3  4  5  6  7  8  9 10 11 12 13 14 |
---------------+-------------------------------------------+-----
Fighting       | 3 4 5 6 7 8 9 10 11 12 13 | 13.0
Unarmed Combat | 4 5 6 7 8 10 12 13 15 | 15.0
Throwing       | 2 4 6 8 9 10 | 10.9
Shields        | 2 5 8 9 |  9.4
Dodging        | |  2.4

Action                   |  1- 3 |  4- 6 |  7- 9 | 10-12 | 13-15 || total
-------------------------+-------+-------+-------+-------+-------++-------
Melee: Unarmed           |   100 |   120 |   288 |   559 |   546 ||  1613
       Punch             |       |     3 |    13 |    14 |       ||    30
Throw: Javelin           |       |       |     5 |     9 |    11 ||    25
       Large rock        |       |       |       |       |     7 ||     7
Invok: Berserk           |     2 |     3 |     3 |     4 |     7 ||    19
       Trog's Hand       |       |     2 |     2 |     1 |     2 ||     7
Evoke: Wand              |       |       |       |     2 |       ||     2
  Use: Scroll            |       |       |     1 |     9 |    18 ||    28
       Potion            |       |       |       |       |     1 ||     1
 Stab: Distracted        |       |     1 |       |       |       ||     1
       Sleeping          |       |       |       |     1 |       ||     1
Armor: Animal skin       |    31 |    52 |    18 |       |       ||   101
       Robe              |       |       |    29 |    65 |   128 ||   222
Dodge: Dodged            |    52 |    86 |   132 |   317 |   369 ||   956
Block: Other             |       |       |    35 |    45 |       ||    80
       Reflection        |       |       |     2 |     6 |     6 ||    14
       Kite shield       |       |       |       |   158 |   457 ||   615

Levels and vault maps discovered:
D:1:      wander_arrival_abandoned_jail, layout_rooms, minmay_tetromino_l2
D:2:      minmay_recursive_quarters, layout_loops_ring,
          dreamdust_ecumenical_altar_hidden_monk_grotto, serial_shops,
          nicolae_shop_stone
D:3:      layout_rooms, serial_shops, shop, uniq_sigmund,
          uniq_crazy_yiuf_cottage
D:4:      layout_cave_pods, chequers_serial_rivers_room_b, uniq_grinder,
          uniq_menkaure
D:5:      layout_rooms, serial_shops, kennysheep_mini, kennysheep_mini_moat,
          nicolae_shop_advertising_works [nicolae_subvault_shop_adworks],
          gammafunk_ghost_smash
D:6:      lemuel_insect_pit, layout_rooms, serial_shops, nicolae_lakefront_shop
D:7:      layout_basic, minmay_temple_entry_slanted
D:8:      kennysheep_spiral_hall, layout_loops_ring,
          nicolae_qazlal_general_emergency, minmay_gold_behind_fungi, uniq_grum,
          uniq_pikel
D:9:      kennysheep_town
D:10:     layout_long_grid, uniq_erolcha
D:11:     layout_roguey, erik_lair_dragon, minmay_misc_feat_diagonals,
          nicolae_concentric_dashed_squares_wild, minivault_13, uniq_maurice,
          uniq_sonja
Lair:1:   gammafunk_lair_enchanted_lake, layout_cave_shapes,
          columned_hall_lemuel
Lair:2:   layout_big_grid, minivault_19, infiniplex_staircase_pool,
          grunt_megastairs_1, uniq_amaemon, uniq_gastronok
Lair:3:   layout_long_grid, skrybe_swamp_entry_bodies,
          hellmonk_spider_entry_life_and_decay, portal_ice_cave_rime,
          serial_bayou_shore_a
Lair:4:   hangedman_what_comes_after_a, layout_gridlike,
          nicolae_slime_entry_slimehenge, minmay_lair_drake_nest
Lair:5:   evilmike_catoblepas_cave, layout_gridlike, hibernation_bobbens

Notes
Turn   | Place    | Note
-------+----------+-------------------------------------------
     0 | D:1      | xzight the Troll Berserker began the quest for the Orb.
     0 | D:1      | Reached XP level 1. HP: 22/22 MP: 0/0
    74 | D:1      | Reached XP level 2. HP: 15/29 MP: 1/1
   449 | D:2      | Reached skill level 3 in Fighting
   452 | D:2      | Reached XP level 3. HP: 30/37 MP: 2/2
   538 | D:2      | Found a faded altar of an unknown god.
   756 | D:2      | Reached ** piety under Trog
   800 | D:2      | Reached skill level 4 in Unarmed Combat
   868 | D:2      | Reached XP level 4. HP: 42/45 MP: 3/3
   992 | D:2      | Found Kamiofeq's Weapon Emporium.
  1469 | D:3      | Reached XP level 5. HP: 45/54 MP: 4/4
  1483 | D:3      | Found Vujip's Armour Emporium.
  1532 | D:2      | Reached skill level 4 in Fighting
  1606 | D:3      | Identified a +2 robe of resistance
  1606 | D:3      | Noticed Sigmund
  1625 | D:3      | Killed Sigmund
  1626 | D:3      | Reached skill level 5 in Unarmed Combat
  1626 | D:3      | Reached XP level 6. HP: 63/63 MP: 5/5
  1919 | D:3      | Found a runed translucent door.
  1920 | D:3      | Noticed Crazy Yiuf
  2026 | D:4      | Noticed Grinder
  2056 | D:4      | Killed Grinder
  2057 | D:4      | Reached skill level 5 in Fighting
  2057 | D:4      | Reached skill level 6 in Unarmed Combat
  2057 | D:4      | Reached XP level 7. HP: 52/72 MP: 6/6
  2129 | D:4      | Noticed Menkaure
  2144 | D:4      | Killed Menkaure
  2257 | D:4      | Reached skill level 7 in Unarmed Combat
  2331 | D:4      | Reached skill level 6 in Fighting
  2331 | D:4      | Reached XP level 8. HP: 74/83 MP: 7/7
  2584 | D:4      | Reached *** piety under Trog
  2972 | D:5      | Entered Level 5 of the Dungeon
  3064 | D:5      | Found Ohiacw's Distillery.
  3073 | D:5      | Bought a potion of heal wounds for 55 gold pieces
  3073 | D:5      | Bought a potion of curing for 33 gold pieces
  3205 | D:5      | Found a transporter.
  3217 | D:5      | Noticed Unglued128's ghost (amateur DrFE)
  3217 | D:5      | Identified the +8 dire flail of Eternal Vigilance {venom,
                  | SInv}
  3223 | D:5      | Found a transporter.
  3340 | D:5      | Found Woenn's Assorted Antiques.
  3447 | D:5      | Found Jozuzas's Jewellery Emporium.
  3588 | D:6      | Reached skill level 8 in Unarmed Combat
  3652 | D:6      | Reached skill level 7 in Fighting
  3853 | D:6      | Reached XP level 9. HP: 93/93 MP: 8/8
  3855 | D:6      | Reached skill level 9 in Unarmed Combat
  3929 | D:6      | Found a runed translucent door.
  3932 | D:6      | Found a runed translucent door.
  4026 | D:6      | Found Nucvudd's Antique Weapon Shoppe.
  4405 | D:7      | Reached **** piety under Trog
  4407 | D:7      | Reached skill level 8 in Fighting
  4445 | D:7      | Found a staircase to the Ecumenical Temple.
  4776 | D:7      | Reached skill level 10 in Unarmed Combat
  5131 | D:8      | Reached skill level 1 in Throwing
  5252 | D:8      | Found a stormy altar of Qazlal.
  5276 | D:8      | Noticed Grum
  5286 | D:8      | Killed Grum
  5295 | D:8      | Noticed Pikel
  5296 | D:8      | Reached skill level 2 in Throwing
  5299 | D:8      | Killed Pikel
  5300 | D:8      | Reached XP level 10. HP: 106/106 MP: 9/9
  5374 | D:8      | Reached skill level 11 in Unarmed Combat
  5877 | D:9      | Reached skill level 3 in Throwing
  5885 | D:9      | Reached skill level 9 in Fighting
  5981 | D:8      | Reached ***** piety under Trog
  6317 | D:9      | Reached skill level 4 in Throwing
  6397 | D:9      | Reached skill level 12 in Unarmed Combat
  6553 | D:9      | Found a basalt altar of Yredelemnul.
  6615 | D:9      | Received a gift from Trog
  7026 | D:9      | Noticed a manticore
  7032 | D:9      | Reached XP level 11. HP: 105/115 MP: 10/10
  7191 | D:9      | Noticed a two-headed ogre
  7200 | D:9      | Killed a two-headed ogre
  7206 | D:9      | Reached skill level 5 in Throwing
  7353 | D:9      | Identified a potion of resistance
  7365 | D:9      | Reached skill level 13 in Unarmed Combat
  7948 | D:10     | Entered Level 10 of the Dungeon
  8079 | D:10     | Noticed Erolcha
  8096 | D:10     | Killed Erolcha
  8097 | D:10     | Reached skill level 10 in Fighting
  8097 | D:10     | Reached skill level 1 in Shields
  8736 | D:11     | Reached skill level 2 in Shields
  8755 | D:11     | Reached skill level 6 in Throwing
  8830 | D:11     | Identified the +5 dagger "Vuhole" {flame, Str+6} (Trog
                  | gifted it to you on level 11 of the Dungeon)
  8830 | D:11     | Received a gift from Trog
  9101 | D:11     | Noticed a two-headed ogre
  9105 | D:11     | Noticed Maurice
  9110 | D:11     | Killed a two-headed ogre
  9111 | D:11     | Reached XP level 12. HP: 127/127 MP: 11/11
  9116 | D:11     | Killed Maurice
  9117 | D:11     | Reached skill level 3 in Shields
  9117 | D:11     | Reached skill level 14 in Unarmed Combat
  9369 | D:11     | Found a staircase to the Lair.
  9424 | D:11     | Noticed Sonja
  9425 | D:11     | Killed Sonja
  9488 | D:11     | Found a runed translucent door.
  9795 | Lair:1   | Entered Level 1 of the Lair of Beasts
 10294 | Lair:1   | Noticed a four-headed hydra
 10311 | Lair:1   | Killed an 11-headed hydra
 10312 | Lair:1   | Reached skill level 7 in Throwing
 10312 | Lair:1   | Reached skill level 4 in Shields
 10413 | Lair:1   | Noticed a dire elephant
 10413 | Lair:1   | Noticed a dire elephant
 10434 | Lair:1   | Found a runed translucent door.
 11043 | Lair:2   | Noticed a boulder beetle
 11059 | Lair:2   | Killed a boulder beetle
 11060 | Lair:2   | Reached skill level 15 in Unarmed Combat
 11078 | Lair:2   | Noticed Amaemon
 11099 | Lair:2   | Killed Amaemon
 11155 | Lair:2   | Reached skill level 11 in Fighting
 11155 | Lair:2   | Reached skill level 5 in Shields
 11293 | Lair:2   | Identified the +7 flail of Immorality {speed, rF+ rC+
                  | Dex+2}
 11341 | Lair:2   | Noticed Gastronok
 11361 | Lair:2   | Killed Gastronok
 11409 | Lair:2   | Noticed an eight-headed hydra
 11416 | Lair:2   | Killed an 11-headed hydra
 11628 | Lair:2   | Reached skill level 8 in Throwing
 11628 | Lair:2   | Reached XP level 13. HP: 127/137 MP: 12/12
 11719 | Lair:2   | Identified the +5 quarterstaff of Qazlal's Approval
                  | {vorpal, rElec rCorr MP+9}
 11934 | Lair:3   | Received a gift from Trog
 11934 | Lair:3   | Found the +14 obsidian axe {vorpal, Mesm Drain Fly SInv}
 12082 | Lair:3   | Found a staircase to the Swamp.
 12156 | Lair:3   | Reached skill level 6 in Shields
 12238 | Lair:3   | Found a frozen archway.
 12313 | IceCv    | Entered an ice cave
 12611 | IceCv    | Reached skill level 9 in Throwing
 12617 | IceCv    | Reached skill level 7 in Shields
 12674 | IceCv    | Noticed a frost giant
 12693 | IceCv    | Killed a frost giant
 12779 | IceCv    | Identified a +0 robe of resistance
 12916 | IceCv    | Reached skill level 12 in Fighting
 13360 | Lair:3   | Found a hole to the Spider Nest.
 13673 | Lair:3   | Reached skill level 8 in Shields
 13793 | Lair:4   | Reached XP level 14. HP: 147/150 MP: 13/13
 13807 | Lair:4   | Reached skill level 10 in Throwing
 13833 | Lair:4   | You fall into a shaft and drop 1 floor!
 13833 | Lair:5   | Entered Level 5 of the Lair of Beasts
 14109 | Lair:4   | Identified the +5 long sword of Rotation {flame, Int+6
                  | Dex-4}
 14242 | Lair:4   | Found a staircase to the Slime Pits.
 14242 | Lair:4   | Found a viscous altar of Jiyva.
 14505 | Lair:4   | Reached ****** piety under Trog
 14617 | Lair:4   | Reached skill level 9 in Shields
 14699 | Lair:4   | Received a gift from Trog
 15798 | Lair:5   | Reached skill level 13 in Fighting
 15857 | Lair:5   | Identified the +9 lajatang of the World {spect, rC+ Str+4
                  | Dex+9}
 15887 | Lair:5   | HP: 15/229 [15-headed hydra (12)]
 15887 | Lair:5   | HP: 7/229 [15-headed hydra (8)]
 15887 | Lair:5   | Slain by a 15-headed hydra

Vanquished Creatures
  Gastronok (Lair:2)
  A frost giant (IceCv)
  Erolcha (D:10)
  4 hydras
  A boulder beetle (Lair:2)
  2 two-headed ogres
  13 death yaks
  Amaemon (Lair:2)
  Sonja (D:11)
  2 bog bodies (Lair:3)
  Pikel (D:8)
  An ugly thing (D:11)
  2 cyclopes (D:11)
  2 manticores
  10 elephants
  3 black mambas
  A gargoyle (D:11)
  Maurice (D:11)
  An ice statue (IceCv)
  An orange demon (Lair:2)
  6 cane toads
  13 rime drakes
  A merfolk (D:9)
  7 komodo dragons
  6 polar bears
  3 trolls (D:9)
  2 hornets
  3 meliai (Lair:4)
  A queen bee (Lair:4)
  Grinder (D:4)
  16 blink frogs
  Sigmund (D:3)
  6 culicivoras (Lair:3)
  2 wraiths
  38 yaks
  9 wyverns
  2 shadows (D:10)
  2 hogs (D:9)
  6 basilisks
  Grum (D:8)
  4 steam dragons
  Menkaure (D:4)
  2 acid dragons
  11 water moccasins
  3 ice beasts
  7 orc warriors
  10 black bears
  An ogre (D:6)
  24 wolves
  9 centaurs
  2 lemures (D:8)
  3 kobold brigands
  2 phantoms (D:4)
  19 bullfrogs
  2 gnoll sergeants
  4 scorpions
  13 wights
  41 killer bees
  8 electric eels (D:9)
  5 howler monkeys (D:10)
  3 jellies
  3 hounds (D:6)
  8 orc priests
  4 gnoll boudas
  6 iguanas
  15 orc wizards
  A hell rat (Lair:4)
  18 gnolls
  A river rat (Lair:4)
  11 adders
  An ufetubus (D:4)
  3 worms
  A dart slug (D:2)
  34 orcs
  4 ball pythons
  10 endoplasms
  7 giant cockroaches
  8 goblins
  7 hobgoblins
  9 jackals
  13 kobolds
  4 quokkas
  2 bats (D:2)
  4 frilled lizards
  4 rats
528 creatures vanquished.

Vanquished Creatures (others)
  A rime drake (IceCv)
  31 fungi
  59 plants
  10 toadstools
101 creatures vanquished.

Grand Total: 629 creatures vanquished

Table legend: (Time is in decaauts)
 A = Elapsed time spent in this place.
 B = Non-inter-level travel time spent in this place.
 C = Inter-level travel time spent in this place.
 D = Time resting spent in this place.
 E = Time spent auto-exploring this place.
 F = Levels seen in this place.
 G = Mean time per level.
                   A        B        C        D        E       F      G
               +--------+--------+--------+--------+--------+-----+--------+
         Total |  15890 |  14756 |   1134 |   1591 |   9757 |  17 |  934.7 |
       Dungeon |  10084 |   9334 |    750 |    736 |   6552 |  11 |  916.7 |
          Lair |   5059 |   4676 |    383 |    733 |   2864 |   5 | 1011.8 |
      Ice Cave |    746 |    746 |      0 |    122 |    340 |   1 |  746.0 |
               +--------+--------+--------+--------+--------+-----+--------+

Top non-repeatable levels by time:
     D:9: 2014 daAuts
  Lair:4: 1500 daAuts
    D:11: 1414 daAuts
  Lair:1: 1206 daAuts
  Lair:3: 1191 daAuts
     D:2: 1048 daAuts
     D:4: 953 daAuts
  Lair:2: 953 daAuts
     D:8: 912 daAuts
     D:7: 763 daAuts
   IceCv: 746 daAuts
    D:10: 714 daAuts
     D:6: 691 daAuts
     D:3: 581 daAuts
     D:5: 559 daAuts

Table legend:
 A = Non-vault XP
 B = Vault XP
 C = Vault XP percentage of total XP
 D = Non-vault monster count
 E = Vault monster count
 F = Vault count percentage of total count
                 A         B        C        D         E       F
            +---------+---------+-------+---------+---------+-------
      Total |   38330 |   47318 |  55.2 |     332 |     195 |  37.0
            +---------+---------+-------+---------+---------+-------
        D:1 |      31 |       0 |   0.0 |      17 |       0 |   0.0
        D:2 |      84 |      19 |  18.4 |      29 |       5 |  14.7
        D:3 |     174 |     226 |  56.5 |      21 |       1 |   4.5
        D:4 |     524 |     444 |  45.9 |      21 |       2 |   8.7
        D:5 |     210 |       0 |   0.0 |       7 |       0 |   0.0
        D:6 |    1423 |       0 |   0.0 |      33 |       0 |   0.0
        D:7 |    1145 |       0 |   0.0 |      19 |       0 |   0.0
        D:8 |    1237 |    1674 |  57.5 |      27 |      10 |  27.0
        D:9 |    1728 |    5870 |  77.3 |      28 |      37 |  56.9
       D:10 |    2501 |     874 |  25.9 |      20 |       1 |   4.8
       D:11 |    4605 |    3245 |  41.3 |      23 |       9 |  28.1
     Lair:1 |    3622 |    1854 |  33.9 |      20 |       5 |  20.0
     Lair:2 |    4106 |    2885 |  41.3 |      10 |       5 |  33.3
     Lair:3 |    6626 |    3427 |  34.1 |      24 |      10 |  29.4
     Lair:4 |    7422 |   12287 |  62.3 |      21 |      72 |  77.4
     Lair:5 |    2892 |       0 |   0.0 |      12 |       0 |   0.0
      IceCv |       0 |   14513 | 100.0 |       0 |      38 | 100.0
            +---------+---------+-------+---------+---------+-------
